 Dungeon Crawl Stone Soup version 0.29-a0-340-g6efceafd81 (webtiles) character file.

Game seed: 12767255658103938987

141846 snetch the Warrior (level 16, -1/160 HPs)
             Began as a Minotaur Berserker on Apr 18, 2022.
             Was the Champion of Trog.
             Shot with an arrow by a deep elf master archer (30 damage)
             ... on level 1 of the Elven Halls on Apr 19, 2022.
             The game lasted 01:57:50 (27594 turns).

snetch the Warrior (Minotaur Berserker)            Turns: 27594, Time: 01:57:51

Health: -1/160     AC: 33    Str: 30    XL:     16   Next: 79%
Magic:  0/25       EV: 11    Int:  9    God:    Trog [******]
Gold:   4522       SH:  0    Dex: 13    Spells: 15/15 levels left

rFire   . . .      SeeInvis .   a - +11 battleaxe of Purpose {flame, rPois rC+ rN+ Dex+3}
rCold   + . .      Faith    .   (shield currently unavailable)
rNeg    + . .      Spirit   +   J - +0 plate armour
rPois   +          Reflect  .   u - +3 hat of Pondering {ponderous, Will+ MP+10 Int+5}
rElec   .          Harm     .   w - +2 cloak
rCorr   .          Rampage  .   X - +2 pair of gloves {hurl}
Will    ++++.                   r - +2 pair of boots
Stlth   ..........              Z - amulet of guardian spirit
HPRegen 1.36/turn               Y - +4 ring of slaying
MPRegen 0.19/turn               P - +4 ring of slaying

@: strong-willed, regenerating, slow
A: horns 2, retaliatory headbutt
a: Renounce Religion, Berserk, Trog's Hand, Brothers in Arms


You were on level 1 of the Elven Halls.
You worshipped Trog.
Trog was exalted by your worship.
You visited 5 branches of the dungeon, and saw 25 of its levels.
You also visited: Gauntlet.

You collected 4778 gold pieces.
You spent 256 gold pieces at shops.

Inventory:

Hand Weapons
 a - the +11 battleaxe of Purpose (weapon) {flame, rPois rC+ rN+ Dex+3}
   (Trog gifted it to you on level 13 of the Dungeon)

   It burns those it strikes, dealing additional fire damage.
   Big, fiery blades are also staple armaments of hydra-hunters.
   Dex:       It affects your dexterity (+3).
   rC:        It protects you from cold.
   rPois:     It protects you from poison.
   rN:        It protects you from negative energy.
 b - the +10 lance "Wyrmbane" {slay drac, rPois rF+ rC+ AC+3}
   (You took it off Maggie on level 7 of the Dungeon)

   It inflicts extra damage against dragons and draconians.
   AC:        It affects your AC (+3).
   rF:        It protects you from fire.
   rC:        It protects you from cold.
   rPois:     It protects you from poison.
 c - the +8 long sword "Qadakyoph" {venom, +Blink Str+9}
   (You found it on level 5 of the Lair of Beasts)

   It poisons the flesh of those it strikes.
   Str:       It affects your strength (+9).
   +Blink:    It lets you blink.
Missiles
 i - 31 poisoned darts
 s - 8 boomerangs (quivered)
 C - 2 curare-tipped darts
 N - 8 silver javelins
 Q - 10 atropa-tipped darts
Armour
 r - a +2 pair of boots (worn)
 u - the +3 hat of Pondering (worn) {ponderous, Will+ MP+10 Int+5}
   (You took it off Gastronok on level 8 of the Dungeon)

   Int:       It affects your intelligence (+5).
   MP:        It affects your magic capacity (+10).
   Will:      It increases your willpower.
 w - a +2 cloak (worn)
 J - a +0 plate armour (worn)
 X - a +2 pair of gloves of hurling (worn)
Jewellery
 k - a ring of flight
 G - a ring of see invisible
 P - a +4 ring of slaying (right hand)
 Y - a +4 ring of slaying (left hand)
 Z - an amulet of guardian spirit (around neck)
Wands
 g - a wand of digging (15)
 p - a wand of mindburst (3)
 t - a wand of charming (23)
 B - a wand of iceblast (15)
 F - a wand of acid (26)
 K - a wand of flame (38)
 W - a wand of paralysis (2)
Scrolls
 d - a scroll of silence
 m - 5 scrolls of blinking
 o - 8 scrolls of teleportation
 q - 5 scrolls of noise {unknown}
 v - a scroll of summoning
 y - a scroll of vulnerability
 E - a scroll of torment
 M - 3 scrolls of fog {unknown}
 R - a scroll of holy word
 T - 4 scrolls of fear
 V - 2 scrolls of immolation
Potions
 e - 2 potions of mutation
 f - 8 potions of flight {unknown}
 h - 4 potions of lignification
 j - 4 potions of heal wounds
 l - 7 potions of degeneration {unknown}
 n - a potion of cancellation
 x - 4 potions of resistance
 z - 8 potions of might {unknown}
 D - 6 potions of ambrosia
 H - a potion of invisibility
 I - 4 potions of brilliance {unknown}
 L - 14 potions of curing {unknown}
 S - a potion of attraction {unknown}
 U - a potion of haste
Miscellaneous
 A - a lightning rod (1/4)
 O - a phial of floods


   Skills:
 + Level 19.3 Fighting
 - Level 19.2(20.2) Axes
 + Level 8.9(15.2) Maces & Flails
 - Level 6.4(14.0) Polearms
 + Level 11.1 Throwing
 + Level 18.8 Armour
 + Level 7.1 Dodging
 + Level 2.2 Stealth
 + Level 0.4 Evocations


You had 15 spell levels left.
You didn't know any spells.
Your spell library contained the following spells:

 Spells                   Type           Power      Damage    Failure   Level
 Magic Dart               Conj           0%         1d3       87%         1
 Sting                    Tmut/Pois      0%         1d3       87%         1
 Summon Small Mammal      Summ           0%         N/A       87%         1
 Call Imp                 Summ           0%         N/A       95%         2
 Passwall                 Tmut/Erth      0%         N/A       95%         2
 Poisonous Vapours        Pois/Air       0%         N/A       95%         2
 Scorch                   Fire           0%         2d5       95%         2
 Static Discharge         Conj/Air       0%         N/A       95%         2
 Call Canine Familiar     Summ           0%         N/A       99%         3
 Dazzling Flash           Conj/Hex       0%         N/A       99%         3
 Frozen Ramparts          Ice            0%         1d2       99%         3
 Gell's Gravitas          Tloc           0%         N/A       99%         3
 Inner Flame              Hex/Fire       0%         N/A       99%         3
 Lesser Beckoning         Tloc           0%         N/A       99%         3
 Mephitic Cloud           Conj/Pois/Air  0%         N/A       99%         3
 Ozocubu's Armour         Ice            0%         N/A       99%         3
 Summon Guardian Golem    Hex/Summ       0%         N/A       99%         3
 Teleport Other           Tloc           0%         N/A       99%         3
 Tukima's Dance           Hex            0%         N/A       99%         3
 Animate Dead             Necr           0%         N/A       100%        4
 Dispel Undead            Necr           0%         3d6       100%        4
 Fulminant Prism          Conj/Hex       0%         3d6       100%        4
 Hailstorm                Conj/Ice       0%         3d3       100%        4
 Ice Form                 Ice/Tmut       0%         N/A       100%        4
 Iskenderun's Mystic Bla  Conj/Tloc      0%         2d3       100%        4
 Olgreb's Toxic Radiance  Pois           0%         N/A       100%        4
 Passage of Golubria      Tloc           0%         N/A       100%        4
 Sticky Flame             Conj/Fire      0%         2d3       100%        4
 Summon Ice Beast         Ice/Summ       0%         N/A       100%        4
 Blade Hands              Tmut           0%         N/A       100%        5
 Irradiate                Conj/Tmut      0%         3d13      100%        5
 Iskenderun's Battlesphe  Conj           0%         2d6       100%        5
 Summon Mana Viper        Hex/Summ       0%         N/A       100%        5
 Yara's Violent Unravell  Hex/Tmut       0%         3d3       100%        5
 Death Channel            Necr           0%         N/A       100%        6
 Dispersal                Tloc           0%         N/A       100%        6
 Simulacrum               Ice/Necr       0%         N/A       100%        6
 Starburst                Conj/Fire      0%         6d3       100%        6
 Dragon Form              Tmut           0%         N/A       100%        7
 Monstrous Menagerie      Summ           0%         N/A       100%        7
 Lehudib's Crystal Spear  Conj/Erth      0%         10d2      100%        8


Dungeon Overview and Level Annotations

Branches:
Dungeon (15/15)            Temple (1/1) D:5            Lair (6/6) D:10
  Swamp (0/4) Lair:4       Spider (0/4) Lair:3        Slime (0/5) Lair:6
    Orc (2/2) D:9             Elf (1/3) Orc:2        Vaults (0/5) D:13
 Depths (0/4) D:15        Gauntlet (visited)

Altars:
Ashenzari
Cheibriados
Dithmenos
Elyvilon
Fedhas
Gozag
Hepliaklqana
Kikubaaqudgha
Makhleb
Nemelex Xobeh
Okawaru
Qazlal
Ru
Sif Muna
Trog
Uskayaw
Vehumet
Wu Jian
Xom
Yredelemnul
Zin
The Shining One
Beogh

Shops:
D:12 =   Orc:2 [[:?


Innate Abilities, Weirdness & Mutations

You have a pair of horns on your head.
You reflexively headbutt those who attack you in melee.


Message History

Items here: ))) [.
You slice the deep elf blademaster like a ripe choko!!!
You burn the deep elf blademaster!
Your headbutt misses the deep elf blademaster.
The deep elf blademaster is heavily wounded.
You hear a shout!
The deep elf blademaster hits you with a +0 rapier. x2
You barely miss the deep elf blademaster.
The deep elf blademaster is heavily wounded.
The deep elf blademaster barely misses you.
The deep elf blademaster hits you with a +0 rapier.
You miss the deep elf blademaster.
Your headbutt misses the deep elf blademaster.
The deep elf blademaster is heavily wounded.
The deep elf blademaster hits you with a +0 rapier!
The deep elf blademaster closely misses you.
You slice the deep elf blademaster like a ripe choko!!!
You burn the deep elf blademaster.
You kill the deep elf blademaster!
Trog accepts your kill.
Items here: ))) [[ †.
Okay, then.
The deep elf master archer shouts!
A deep elf master archer opens the door.
The deep elf master archer shoots an arrow.
The arrow barely misses you.
The deep elf master archer shoots an arrow.
The arrow hits you!
The deep elf master archer shoots an arrow.
The arrow hits you!!
* * * LOW HITPOINT WARNING * * *
The deep elf master archer shoots an arrow.
The arrow hits you.
* * * LOW HITPOINT WARNING * * *
The deep elf annihilator shouts!
The deep elf annihilator points at you and mumbles some strange words.
The poison arrow misses you.
The deep elf master archer shoots an arrow.
The arrow hits you!!
You die...

#...#..#..#.####'####.#.......#..
#...#..#..).....).......#####'#..
#...#..#...####)#................
#...#..#..#...#))................
#...#..#..#...#..##############'#
#...#..#..#...#..................
#...#..+..'...#..................
#...#..#..#...#..#######'#####...
#...#..#..#...#.@#...........#...
#...#..#..#...#.e'...........#...
#...#..#..#...#..#...........#...
#...#..#..#...#.e#ee.#####...#...
#...#..#..#...#..................
#...#..#..#...#..................
#...#..'..#...#.).''''''''''.....
#...#..#..#...#...'''++++++'....[
#...#..#..#...#...'++++++++'.....


You could see a deep elf master archer, a deep elf annihilator, a deep elf
demonologist and a deep elf pyromancer.

Vanquished Creatures
  Rupert (Lair:5)
  A deep elf blademaster (Elf:1)
  Gastronok (D:8)
  3 deep elf annihilators (Elf:1)
  A minotaur (Gauntlet)
  Snorg (D:13)
  An ettin (D:15)
  Josephine (Lair:4)
  A fire dragon (Lair:6)
  9 hydras
  3 boulder beetles
  5 vault guards (D:13)
  Erolcha (Orc:2)
  2 ogre magi (Orc:2)
  A catoblepas (Lair:6)
  2 two-headed ogres
  A death knight (D:15)
  2 centaur warriors
  16 death yaks
  3 dancing weapons (Elf:1)
  5 deep elf knights (Elf:1)
  Nergalle (D:10)
  3 skeletal warriors (D:14)
  Amaemon (Lair:2)
  The ghost of ziggurnaut the Vexing, a novice GnAM of Dithmenos (D:6)
  3 deep elf archers (Elf:1)
  3 deep trolls (D:15)
  A phantasmal warrior (D:15)
  2 wizards
  2 bog bodies (Lair:4)
  2 lindwurms
  9 ugly things
  An orc knight (Orc:2)
  13 deep elf zephyrmancers (Elf:1)
  A necromancer (D:14)
  16 deep elf pyromancers
  8 orc sorcerers
  2 oklob plants
  2 black mambas
  5 manticores
  7 elephants
  4 cyclopes
  A rust devil (Gauntlet)
  A worldbinder (Gauntlet)
  An orange demon (Lair:2)
  Maggie (D:7)
  The ghost of jlumianski the Chopper, a novice DsFi (D:6)
  A cane toad (shapeshifter) (D:14)
  12 cane toads
  An unseen horror (D:11)
  5 torpor snails (Lair:6)
  5 rime drakes
  3 freezing wraiths
  11 komodo dragons
  2 efreet
  A yaktaur (D:13)
  4 trolls
  4 tengu conjurers
  3 meliai (D:12)
  A queen bee (D:12)
  Grinder (D:5)
  20 blink frogs
  2 polar bears
  8 hornets
  4 tyrant leeches (Lair:6)
  5 dream sheep (Lair:5)
  Prince Ribbit (Lair:1)
  A jumping spider (shapeshifter) (Elf:1)
  A jumping spider (Lair:3)
  A shadow (D:11)
  7 wraiths
  A yak (shapeshifter) (D:14)
  A human (D:13)
  7 wyverns
  6 fire elementals
  A steam dragon (D:10)
  7 basilisks
  A ynoxinul (Gauntlet)
  50 yaks
  12 vampire mosquitoes
  8 redbacks (Elf:1)
  A warg (Orc:2)
  A naga (shapeshifter) (D:15)
  20 water moccasins
  An acid dragon (D:11)
  2 hell hounds (Gauntlet)
  18 orc warriors
  3 ice beasts
  A sky beast (D:5)
  A black bear (D:5)
  5 ogres
  6 phantoms
  10 wolves
  A boggart (Gauntlet)
  11 centaurs
  2 gnoll sergeants
  2 kobold brigands
  15 bullfrogs
  3 necrophages
  2 earth elementals (Elf:1)
  A wyvern zombie (D:8)
  3 scorpions
  12 wights
  23 killer bees
  5 spriggan skeletons (D:13)
  A troll skeleton (D:13)
  An electric eel (D:7)
  5 howler monkeys
  A centaur zombie (D:8)
  A human zombie (D:8)
  4 hounds
  21 orc priests
  2 jellies
  A gnoll shaman (D:8)
  2 iron imps (Gauntlet)
  Jessica (D:2)
  5 iguanas
  41 orc wizards
  3 mummies (D:8)
  3 howler monkey zombies (D:8)
  17 gnolls
  15 adders
  3 white imps
  An ufetubus (D:5)
  3 dart slugs
  102 orcs
  4 ball pythons
  10 bats
  11 endoplasms
  3 giant cockroaches
  5 goblins
  8 hobgoblins
  2 jackals (D:3)
  2 quokkas
  3 frilled lizards
  17 kobolds
  4 rats
  A bush (Lair:1)
803 creatures vanquished.

Vanquished Creatures (collateral kills)
  A kobold demonologist (D:13)
  A polar bear (Lair:5)
  A steam dragon (Lair:5)
  3 vampire mosquitoes (D:13)
  An ice beast (D:7)
  2 gnolls (D:7)
  2 orcs (D:7)
11 creatures vanquished.

Vanquished Creatures (others)
  An air elemental (Elf:1)
  A water elemental (Elf:1)
  42 fungi
  76 plants
120 creatures vanquished.

Grand Total: 934 creatures vanquished

Notes
Turn   | Place    | Note
-------+----------+-------------------------------------------
     0 | D:1      | snetch the Minotaur Berserker began the quest for the Orb.
     0 | D:1      | Reached XP level 1. HP: 19/19 MP: 0/0
   192 | D:1      | Reached XP level 2. HP: 26/27 MP: 1/1
   311 | D:1      | Found a faded altar of an unknown god.
   371 | D:2      | Noticed Jessica
   381 | D:2      | Killed Jessica
   381 | D:2      | Reached ** piety under Trog
   382 | D:2      | Reached XP level 3. HP: 22/33 MP: 2/2
   919 | D:2      | Reached XP level 4. HP: 40/40 MP: 3/3
   958 | D:2      | Noticed a necrophage
   965 | D:2      | Killed a necrophage
   966 | D:2      | Reached skill level 5 in Axes
   966 | D:2      | Reached skill level 1 in Throwing
   966 | D:2      | Reached XP level 5. HP: 26/47 MP: 4/4
  1000 | D:2      | Reached skill level 1 in Maces & Flails
  1216 | D:2      | You are sucked into a shaft and drop 2 floors!
  1244 | D:4      | Reached XP level 6. HP: 24/55 MP: 5/5
  1344 | D:3      | Found Yshesoant's Distillery.
  1397 | D:2      | Reached *** piety under Trog
  1894 | D:3      | Reached skill level 5 in Fighting
  2750 | D:4      | Found a shadowy altar of Dithmenos.
  2800 | D:5      | Entered Level 5 of the Dungeon
  3064 | D:4      | Reached XP level 7. HP: 51/55 MP: 6/6
  3486 | D:4      | Reached skill level 5 in Armour
  3805 | D:6      | Reached XP level 8. HP: 40/70 MP: 7/7
  3870 | D:5      | Noticed a troll
  3879 | D:5      | Killed a troll
  4032 | D:6      | Reached skill level 5 in Maces & Flails
  4074 | D:5      | Identified the +3 leather armour of Midnight {Int+5 Dex+2}
  4121 | D:5      | Reached skill level 10 in Axes
  4121 | D:5      | Reached XP level 9. HP: 45/78 MP: 8/8
  4166 | D:5      | Found a staircase to the Ecumenical Temple.
  4177 | Temple   | Entered the Ecumenical Temple
  4613 | D:5      | Noticed Grinder
  4630 | D:5      | Killed Grinder
  4986 | D:6      | Reached **** piety under Trog
  5402 | D:6      | Found a runed translucent gate.
  5402 | D:6      | Found a runed translucent gate.
  5402 | D:6      | Found a runed translucent gate.
  5405 | D:6      | Noticed ziggurnaut's ghost (novice GnAM)
  5405 | D:6      | Noticed jlumianski's ghost (novice DsFi)
  5887 | D:7      | Reached XP level 10. HP: 62/88 MP: 9/9
  6014 | D:7      | Noticed Maggie
  6023 | D:7      | Killed Maggie
  6044 | D:7      | Found a glowing silver altar of Zin.
  6045 | D:7      | Found an ornate altar of the Wu Jian Council.
  6560 | D:6      | Killed ziggurnaut's ghost
  6561 | D:6      | Reached skill level 1 in Polearms
  6568 | D:6      | Killed jlumianski's ghost
  6753 | D:8      | Noticed Gastronok
  6765 | D:8      | Killed Gastronok
  6766 | D:8      | Reached skill level 15 in Axes
  6766 | D:8      | Reached skill level 10 in Armour
  6959 | D:8      | Paralysed by a hornet for 1 turns
  7703 | D:8      | Found a basalt altar of Yredelemnul.
  7709 | D:8      | Reached ***** piety under Trog
  7715 | D:8      | Reached skill level 5 in Polearms
  7739 | D:8      | Reached XP level 11. HP: 97/97 MP: 10/10
  8097 | D:9      | Found a staircase to the Orcish Mines.
  8182 | D:10     | Entered Level 10 of the Dungeon
  8182 | D:10     | Noticed Nergalle
  8198 | D:10     | Killed Nergalle
  8540 | D:9      | Reached skill level 10 in Fighting
  8699 | D:10     | Found a staircase to the Lair.
  8733 | D:10     | Got the Volume of Flamy Sinister Rites
  9910 | D:11     | Noticed a two-headed ogre
  9932 | D:11     | Killed a two-headed ogre
  9947 | D:11     | Got the Almanac of the Captivating Snowflakes
 10111 | D:11     | Received a gift from Trog
 10350 | D:12     | Reached skill level 1 in Stealth
 10362 | D:12     | Noticed a purple ugly thing
 10376 | D:12     | Killed a purple ugly thing
 10377 | D:12     | Reached XP level 12. HP: 86/112 MP: 11/11
 11026 | D:12     | Noticed a boulder beetle
 11053 | D:12     | Killed a boulder beetle
 11249 | D:12     | Found Cidifraa's Jewellery Boutique.
 11599 | D:13     | Noticed a centaur warrior
 11608 | D:13     | Killed a centaur warrior
 11631 | D:13     | Noticed a vault guard
 11693 | D:13     | Noticed Snorg
 11703 | D:13     | Killed Snorg
 11706 | D:13     | Identified the +11 battleaxe of Purpose {flame, rPois rC+
                  | rN+ Dex+3} (Trog gifted it to you on level 13 of the
                  | Dungeon)
 11706 | D:13     | Received a gift from Trog
 11707 | D:13     | Reached skill level 15 in Armour
 11716 | D:13     | Noticed a boulder beetle
 11719 | D:13     | Noticed a vault guard
 11723 | D:13     | Noticed a vault guard
 11724 | D:13     | Reached XP level 13. HP: 62/125 MP: 12/12
 11865 | D:13     | Found a gate leading to a gauntlet.
 11890 | Gauntlet | Entered a Gauntlet
 11890 | Gauntlet | Found a transporter.
 11897 | Gauntlet | Found a transporter.
 11899 | Gauntlet | Found a transporter.
 11903 | Gauntlet | Found a runed translucent door.
 11903 | Gauntlet | Found a runed translucent door.
 11913 | Gauntlet | Found a transporter.
 11917 | Gauntlet | Found a transporter.
 11930 | Gauntlet | Found a transporter.
 11945 | Gauntlet | Found a transporter.
 11946 | Gauntlet | Noticed an entropy weaver
 11955 | Gauntlet | Found a transporter.
 11962 | Gauntlet | Found a transporter.
 11963 | Gauntlet | Found a transporter.
 11971 | Gauntlet | Found a transporter.
 11972 | Gauntlet | Found a transporter.
 12008 | Gauntlet | Found a runed translucent door.
 12009 | Gauntlet | Found a transporter.
 12010 | Gauntlet | Found a runed translucent door.
 12023 | Gauntlet | Found a transporter.
 12297 | Gauntlet | Reached skill level 15 in Fighting
 12350 | Gauntlet | Noticed a minotaur
 12359 | Gauntlet | Killed a minotaur
 13100 | D:13     | Found a gate to the Vaults.
 13111 | D:13     | Reached XP level 14. HP: 71/135 MP: 13/13
 14489 | D:15     | Entered Level 15 of the Dungeon
 16174 | D:15     | Found a glowing silver altar of Zin.
 16205 | D:15     | Found a white marble altar of Elyvilon.
 16215 | D:15     | Found a glowing golden altar of the Shining One.
 16543 | D:15     | Reached skill level 5 in Throwing
 16577 | D:15     | Found a radiant altar of Vehumet.
 16738 | D:15     | Found a staircase to the Depths.
 16920 | Lair:1   | Entered Level 1 of the Lair of Beasts
 17026 | Lair:1   | Received a gift from Trog
 17139 | Lair:1   | Noticed Prince Ribbit
 17159 | Lair:1   | Killed Prince Ribbit
 17680 | Lair:1   | Found a blossoming altar of Fedhas.
 18447 | Lair:2   | Noticed Amaemon
 18454 | Lair:2   | Killed Amaemon
 19466 | Lair:3   | Reached XP level 15. HP: 146/146 MP: 14/14
 19486 | Lair:3   | Found a hole to the Spider Nest.
 20650 | Lair:4   | Received a gift from Trog
 20714 | Lair:4   | Noticed Josephine
 20724 | Lair:4   | Killed Josephine
 20918 | Lair:4   | Found a staircase to the Swamp.
 21225 | Lair:5   | Got the Tome of Earthen Battle Magic
 21624 | Lair:5   | Reached ****** piety under Trog
 21627 | Lair:5   | Identified the +7 great mace of Imbalance {vorpal, Dex+2}
                  | (Trog gifted it to you on level 5 of the Lair of Beasts)
 21627 | Lair:5   | Received a gift from Trog
 21753 | Lair:6   | Entered Level 6 of the Lair of Beasts
 22354 | Lair:5   | Found a blossoming altar of Fedhas.
 22681 | Lair:5   | Identified the +8 long sword "Qadakyoph" {venom, +Blink
                  | Str+9}
 22766 | Lair:5   | Noticed Rupert
 22776 | Lair:5   | Killed Rupert
 23278 | Lair:6   | Found a runed translucent door.
 23416 | Lair:6   | Reached XP level 16. HP: 140/157 MP: 15/15
 23964 | Lair:6   | Found a staircase to the Slime Pits.
 24099 | Lair:6   | Upgraded the game from 0.29-a0-338-g1ff7896281 to
                  | 0.29-a0-340-g6efceafd81
 24270 | Orc:1    | Entered Level 1 of the Orcish Mines
 24480 | Orc:2    | Entered Level 2 of the Orcish Mines
 24672 | Orc:2    | Identified the +5 battleaxe of Jotut {flame, rPois rN+
                  | rCorr} (Trog gifted it to you on level 2 of the Orcish
                  | Mines)
 24672 | Orc:2    | Received a gift from Trog
 24738 | Orc:2    | Found a staircase to the Elven Halls.
 24862 | Orc:2    | Found Isounking's Antique Armour Emporium.
 24887 | Orc:2    | Found an ancient bone altar of Kikubaaqudgha.
 24911 | Orc:2    | Found Hantaffo's Antique Armour Shoppe.
 24927 | Orc:2    | Noticed Erolcha
 24929 | Orc:2    | Found a radiant altar of Vehumet.
 24931 | Orc:2    | Killed Erolcha
 24963 | Orc:2    | Found Vunuqeph's Magic Scroll Emporium.
 24991 | Orc:2    | Found Vyaxayc's Book Emporium.
 24994 | Orc:2    | Bought a scroll of blinking for 120 gold pieces
 24994 | Orc:2    | Bought a scroll of fear for 56 gold pieces
 24994 | Orc:2    | Bought a scroll of teleportation for 48 gold pieces
 24994 | Orc:2    | Bought a scroll of identify for 32 gold pieces
 25401 | Orc:1    | Received a gift from Trog
 25758 | Elf:1    | Entered Level 1 of the Elven Halls
 26108 | Elf:1    | Got the Reference Book on Conjuration
 26277 | Elf:1    | Reached skill level 10 in Throwing
 26283 | Elf:1    | Found a huge runed gate.
 26283 | Elf:1    | Found a huge runed gate.
 26283 | Elf:1    | Found a huge runed gate.
 26283 | Elf:1    | Found a huge runed gate.
 26283 | Elf:1    | Found a huge runed gate.
 26284 | Elf:1    | Found a huge runed gate.
 26284 | Elf:1    | Found a huge runed gate.
 26285 | Elf:1    | Found a huge runed gate.
 26286 | Elf:1    | Found a huge runed gate.
 26287 | Elf:1    | Found a huge runed gate.
 26288 | Elf:1    | Found a huge runed gate.
 26289 | Elf:1    | Found a huge runed gate.
 26290 | Elf:1    | Found a huge runed gate.
 26291 | Elf:1    | Found a huge runed gate.
 26292 | Elf:1    | Found a huge runed gate.
 26565 | Elf:1    | Received a gift from Trog
 27259 | Elf:1    | Found a huge runed gate.
 27259 | Elf:1    | Found a huge runed gate.
 27259 | Elf:1    | Found a huge runed gate.
 27259 | Elf:1    | Found a huge runed gate.
 27259 | Elf:1    | Found a huge runed gate.
 27259 | Elf:1    | Found a huge runed gate.
 27259 | Elf:1    | Found a huge runed gate.
 27261 | Elf:1    | Found a huge runed gate.
 27276 | Elf:1    | Found a huge runed gate.
 27276 | Elf:1    | Found a huge runed gate.
 27276 | Elf:1    | Found a huge runed gate.
 27277 | Elf:1    | Found a huge runed gate.
 27278 | Elf:1    | Found a huge runed gate.
 27298 | Elf:1    | Found a huge runed gate.
 27299 | Elf:1    | Found a huge runed gate.
 27299 | Elf:1    | Found a huge runed gate.
 27321 | Elf:1    | Identified 2 scrolls of acquirement
 27328 | Elf:1    | Acquired 1114 gold pieces
 27330 | Elf:1    | Acquired 731 gold pieces
 27335 | Elf:1    | Found a huge runed gate.
 27336 | Elf:1    | Found a huge runed gate.
 27347 | Elf:1    | Found a huge runed gate.
 27347 | Elf:1    | Found a huge runed gate.
 27347 | Elf:1    | Found a huge runed gate.
 27545 | Elf:1    | Noticed a deep elf blademaster
 27545 | Elf:1    | Noticed a deep elf master archer
 27551 | Elf:1    | Paralysed by an air elemental for 1 turns
 27586 | Elf:1    | Killed a deep elf blademaster
 27594 | Elf:1    | Shot with an arrow by a deep elf master archer

Illustrated notes

Levels and vault maps discovered:
D:1:      dpeg_arrival_arbitrary_c, layout_rooms, serial_glass, glass_columns_a,
          glass_columns_a, shapermc_ecumenical_altar_petra, minmay_pentomino_v4
D:2:      layout_loops_corners, minmay_strange_pillars, uniq_jessica
D:3:      layout_basic, serial_shops, nicolae_diamond_shop
D:4:      layout_loops_corners, mainiacjoe_overflow_surrounded_room
D:5:      cheibrodos_fzero, layout_basic, minmay_temple_entry_drinking_statues,
          uniq_grinder
D:6:      layout_basic, gammafunk_ghost_cemetery, st_stairs_11
D:7:      layout_rooms, nicolae_overflow_squiral, uniq_maggie
D:8:      layout_loops_corners, lemuel_mausoleum_altar_yredelemnul,
          nicolae_zen_rock_garden, uniq_gastronok
D:9:      layout_loops_cross, orc_0_dummy, minmay_misc_feat_enclosed,
          grunt_decor_clamped
D:10:     layout_roguey, david_lair_generic, special_room [special_room_orc],
          chequers_serial_rivers_micro_e, uniq_nergalle
D:11:     layout_basic, amcnicky_mini_rare_corridor_liquid
D:12:     layout_basic, serial_shops, nicolae_shop_statue_plus, special_room
          [special_room_bee]
D:13:     layout_small_grid, grunt_vaults_entry_fortified,
          gauntlet_entry_generic, hangedman_tell_no_tales, uniq_snorg
D:14:     layout_roguey, dk_noncrumbling_4, feat_on_display
D:15:     hangedman_depths_entry_civil_slaughter, layout_rooms,
          good_gods_mini_temple, vehumet_altar_wand_db
Temple:   eino_narrow_crystal_temple
Lair:1:   layout_loops_ring, st_stairs_6, ldierk_geyser, tgw_fedhas,
          uniq_prince_ribbit2
Lair:2:   layout_long_grid, uniq_amaemon
Lair:3:   layout_cave_pods, spider_nest_entry_a, minmay_shattered_shrine,
          infiniplex_staircase_pool
Lair:4:   layout_gridlike, skrybe_swamp_entry_bodies,
          chequers_serial_rivers_small_b, st_stairs_13, uniq_josephine
Lair:5:   layout_layer_cave, basic_altar, infiniplex_staircase_pool_2,
          uniq_rupert
Lair:6:   wormcave, layout_misc_corridors, nicolae_slime_entry_slimehenge,
          minmay_lair_oklob_items, small_statue_intersection
Orc:1:    layout_diamond_mine
Orc:2:    kennysheep_orc_mage_school, layout_caves
Elf:1:    eino_elf_arrival_sip, layout_onion_city, minmay_elf_annihilation,
          drop_trap, door_vault

Skill      XL: |  1  2  3  4  5  6  7  8  9 10 11 12 13 14 15 16 |
---------------+-------------------------------------------------+-----
Axes           | 4 5 6 10 13 15 16 19 | 19.2
Fighting       | 4 5 6 7 9 11 14 15 16 18 19 | 19.3
Armour         | 3 4 5 7 9 10 13 15 16 18 | 18.8
Throwing       | 1 2 3 5 7 11 | 11.1
Maces & Flails | 2 3 4 5 6 8 |  8.9
Dodging        | 3 4 6 7 |  7.1
Polearms       | 5 6 |  6.4
Stealth        | 1 2 |  2.2
Evocations     | |  0.4

Action                   |  1- 3 |  4- 6 |  7- 9 | 10-12 | 13-15 | 16-18 || total
-------------------------+-------+-------+-------+-------+-------+-------++-------
Melee: Hand axe          |    37 |       |       |       |       |       ||    37
       Headbutt          |     8 |    10 |    46 |    96 |   124 |    31 ||   315
       Club              |    15 |   126 |    66 |       |       |       ||   207
       War axe           |       |     8 |   179 |    34 |       |       ||   221
       Punch             |       |     1 |     2 |     5 |       |       ||     8
       Lance             |       |       |       |   506 |    32 |     8 ||   546
       Battleaxe         |       |       |       |     6 |   447 |   170 ||   623
       Great mace        |       |       |       |       |    45 |       ||    45
Throw: Stone             |    20 |    19 |    18 |     1 |    67 |       ||   125
       Dart              |       |       |       |       |    52 |       ||    52
       Boomerang         |       |       |       |       |    30 |   154 ||   184
Invok: Trog's Hand       |       |     1 |     4 |     5 |     3 |     1 ||    14
       Berserk           |       |       |     3 |     4 |     5 |       ||    12
       Brothers in Arms  |       |       |     1 |     1 |     1 |       ||     3
 Abil: Evoke Blink       |       |       |       |       |       |     2 ||     2
Evoke: Lightning rod     |       |       |       |       |       |     3 ||     3
  Use: Scroll            |       |       |       |     8 |     9 |    10 ||    27
       Potion            |       |       |       |     1 |       |     1 ||     2
Armor: Ring mail         |    15 |    42 |       |       |       |       ||    57
       Animal skin       |     4 |       |       |       |       |       ||     4
       Chain mail        |       |     9 |    92 |       |       |       ||   101
       Plate armour      |       |       |    46 |   234 |   273 |    96 ||   649
Dodge: Dodged            |    31 |    54 |   136 |   110 |   223 |    60 ||   614

Table legend: (Time is in decaauts)
 A = Elapsed time spent in this place.
 B = Non-inter-level travel time spent in this place.
 C = Inter-level travel time spent in this place.
 D = Time resting spent in this place.
 E = Time spent auto-exploring this place.
 F = Levels seen in this place.
 G = Mean time per level.
                   A        B        C        D        E       F      G
               +--------+--------+--------+--------+--------+-----+--------+
         Total |  27943 |  26041 |   1902 |   1066 |  15608 |  26 | 1074.7 |
       Dungeon |  16035 |  14703 |   1332 |    663 |   7911 |  15 | 1069.0 |
        Temple |    222 |    210 |     12 |      0 |      0 |   1 |  222.0 |
          Lair |   7536 |   7117 |    419 |    403 |   5001 |   6 | 1256.0 |
  Orcish Mines |   1567 |   1429 |    138 |      0 |   1108 |   2 |  783.5 |
   Elven Halls |   1902 |   1902 |      0 |      0 |   1287 |   1 | 1902.0 |
      Gauntlet |    679 |    679 |      0 |      0 |    299 |   1 |  679.0 |
               +--------+--------+--------+--------+--------+-----+--------+

Top non-repeatable levels by time:
    D:14: 1938 daAuts
   Elf:1: 1902 daAuts
  Lair:5: 1619 daAuts
    D:13: 1601 daAuts
  Lair:3: 1431 daAuts
  Lair:1: 1283 daAuts
     D:8: 1250 daAuts
  Lair:6: 1133 daAuts
    D:11: 1121 daAuts
     D:5: 1113 daAuts
     D:6: 1094 daAuts
  Lair:2: 1084 daAuts
     D:9: 1060 daAuts
     D:3: 1058 daAuts
   Orc:2: 1026 daAuts
